[ AOE2 MATCH · #481539591 ]
UnrankedWei vs Italians
[ REPLAY ANALYSIS · EXTRACTED FROM THE RECORDED GAME ]
Feudal
13:57
Castle
17:30
Imperial
—
| APM avg | 46.7 |
| APM peak | 89 |
| eAPM avg | 33.1 |
| Villagers / military | 100 / 17 |
Focus
⚔️ 29.2% · 🌾 70.8%
Fishing Ship ×35 · Galley ×13 · Fire Galley ×3 · Monk ×1
Feudal
11:52
Castle
24:02
Imperial
—
| APM avg | 33.2 |
| APM peak | 83 |
| eAPM avg | 18.3 |
| Villagers / military | 45 / 15 |
Focus
⚔️ 37.2% · 🌾 62.8%
Archer ×15 · Fishing Ship ×7
Feudal
14:08
Castle
18:08
Imperial
—
| APM avg | 33.6 |
| APM peak | 60 |
| eAPM avg | 13.2 |
| Villagers / military | 43 / 9 |
Focus
⚔️ 21.9% · 🌾 78.1%
Monk ×7 · Fishing Ship ×5 · Conquistador ×2 · Unknown (2626) ×2
Feudal
13:58
Castle
17:37
Imperial
—
| APM avg | 43.1 |
| APM peak | 80 |
| eAPM avg | 21.3 |
| Villagers / military | 84 / 33 |
Focus
⚔️ 28.3% · 🌾 71.7%
War Wagon ×26 · Fishing Ship ×14 · Battering Ram ×6 · Transport Ship ×1
Feudal
13:52
Castle
18:39
Imperial
—
| APM avg | 32.5 |
| APM peak | 69 |
| eAPM avg | 13.1 |
| Villagers / military | 63 / 8 |
Focus
⚔️ 22.6% · 🌾 77.4%
Fishing Ship ×8 · Monk ×7 · Mangonel ×1
Feudal
13:16
Castle
23:58
Imperial
—
| APM avg | 46.9 |
| APM peak | 105 |
| eAPM avg | 32.8 |
| Villagers / military | 86 / 1 |
Focus
⚔️ 33.6% · 🌾 66.4%
Fishing Ship ×51 · Unknown (2626) ×24 · Trade Cog ×4 · Galley ×1
Feudal
11:17
Castle
22:18
Imperial
—
| APM avg | 32.4 |
| APM peak | 71 |
| eAPM avg | 16.0 |
| Villagers / military | 82 / 4 |
Focus
⚔️ 23.6% · 🌾 76.4%
Scout Cavalry ×4
Feudal
13:26
Castle
17:30
Imperial
—
| APM avg | 34.6 |
| APM peak | 63 |
| eAPM avg | 20.9 |
| Villagers / military | 65 / 30 |
Focus
⚔️ 45.5% · 🌾 54.5%
Organ Gun ×29 · Fishing Ship ×6 · Monk ×1
Match map
Initial resources + every placement click. Lines = walls · curves = elevation contours. ◆ gold · ⬟ stone · ● berries · ✦ relic · ◌ wall gap
Your base· Open — 5t gap
RoRo_FleXx's base· Open — 4t gap
Wuyen's base· Open — 5t gap
TL_Bad Koala's base· Open — 9t gap
El Sobol's base· Open — unwalled flank
qingchen3457's base· Open — 5t gap
Tointoin's base· Open — unwalled flank
智力老猪's base· Open — 15t gap
Smoothed initial terrain · ◌ = detected wall gap · hover for details
Inputs per minute
— 奶糖美少女 - - RoRo_FleXx
Build order — 奶糖美少女
First 150 of 295 actions detected
| 0:04 | Build | Town Center |
| 1:18 | Build | Dock |
| 1:22 | Build | House |
| 2:34 | Create | Villager (Male) |
| 2:35 | Create | Villager (Male) |
| 2:38 | Create | Villager (Male) |
| 2:38 | Create | Villager (Male) |
| 2:38 | Create | Villager (Male) |
| 3:31 | Build | Palisade Wall |
| 3:42 | Build | Palisade Wall |
| 3:46 | Build | Palisade Wall |
| 4:08 | Build | House |
| 4:12 | Create | Villager (Male) |
| 4:12 | Create | Villager (Male) |
| 4:43 | Create | Fishing Ship |
| 4:44 | Create | Villager (Male) |
| 4:44 | Create | Villager (Male) |
| 5:13 | Create | Villager (Male) |
| 5:13 | Create | Villager (Male) |
| 5:41 | Create | Villager (Male) |
| 5:42 | Create | Villager (Male) |
| 5:43 | Create | Fishing Ship |
| 6:06 | Create | Villager (Male) |
| 6:06 | Create | Villager (Male) |
| 6:17 | Build | House |
| 6:19 | Build | Palisade Wall |
| 6:28 | Create | Villager (Male) |
| 6:28 | Create | Villager (Male) |
| 6:30 | Build | Palisade Wall |
| 6:34 | Build | House |
| 6:43 | Build | Palisade Wall |
| 6:48 | Create | Fishing Ship |
| 6:57 | Build | House |
| 7:02 | Create | Villager (Male) |
| 7:03 | Create | Villager (Male) |
| 7:08 | Create | Villager (Male) |
| 7:14 | Build | House |
| 7:33 | Create | Villager (Male) |
| 7:33 | Create | Villager (Male) |
| 7:34 | Create | Fishing Ship |
| 7:42 | Build | House |
| 7:50 | Create | Villager (Male) |
| 7:50 | Create | Villager (Male) |
| 7:58 | Create | Villager (Male) |
| 7:59 | Create | Villager (Male) |
| 8:20 | Create | Villager (Male) |
| 8:20 | Create | Villager (Male) |
| 8:32 | Create | Fishing Ship |
| 8:38 | Create | Villager (Male) |
| 8:57 | Build | House |
| 8:59 | Create | Villager (Male) |
| 9:04 | Create | Fishing Ship |
| 9:40 | Create | Fishing Ship |
| 9:43 | Build | Palisade Wall |
| 9:50 | Build | Palisade Wall |
| 9:53 | Build | Palisade Wall |
| 10:02 | Build | Palisade Wall |
| 10:22 | Create | Villager (Male) |
| 10:22 | Create | Villager (Male) |
| 10:48 | Build | Dock |
| 11:02 | Build | Mining Camp |
| 11:11 | Create | Villager (Male) |
| 11:18 | Build | House |
| 11:43 | Build | Mill |
| 11:47 | Research | Feudal Age |
| 13:16 | Build | House |
| 13:19 | Create | Villager (Male) |
| 13:19 | Create | Villager (Male) |
| 13:57 | Age | Feudal Age |
| 14:01 | Build | Market |
| 14:05 | Build | Blacksmith |
| 14:26 | Build | Lumber Camp |
| 14:35 | Create | Galley |
| 14:50 | Research | Castle Age |
| 14:50 | Research | Castle Age |
| 15:02 | Create | Galley |
| 15:02 | Create | Galley |
| 15:17 | Build | House |
| 15:20 | Create | Villager (Male) |
| 15:25 | Research | Fletching |
| 15:25 | Research | Fletching |
| 15:43 | Research | Double-Bit Axe |
| 15:43 | Research | Double-Bit Axe |
| 15:58 | Build | Lumber Camp |
| 16:00 | Create | Villager (Male) |
| 16:13 | Create | Galley |
| 16:13 | Create | Galley |
| 16:27 | Create | Galley |
| 16:28 | Create | Galley |
| 16:47 | Research | Stone Mining |
| 16:48 | Research | Stone Mining |
| 16:50 | Research | Gold Mining |
| 16:50 | Research | Gold Mining |
| 17:15 | Create | Galley |
| 17:15 | Create | Galley |
| 17:17 | Create | Villager (Male) |
| 17:27 | Create | Villager (Male) |
| 17:27 | Create | Villager (Male) |
| 17:27 | Create | Villager (Male) |
| 17:27 | Create | Villager (Male) |
| 17:30 | Age | Castle Age |
| 17:31 | Build | House |
| 17:35 | Research | Bow Saw |
| 17:35 | Research | Bow Saw |
| 17:43 | Research | Bodkin Arrow |
| 17:43 | Research | Bodkin Arrow |
| 17:51 | Create | Galley |
| 17:51 | Create | Galley |
| 18:14 | Create | Galley |
| 18:14 | Create | Galley |
| 18:16 | Create | Villager (Male) |
| 18:16 | Create | Villager (Male) |
| 18:21 | Create | Villager (Male) |
| 18:39 | Build | Town Center |
| 18:51 | Research | Wheelbarrow |
| 18:51 | Research | Wheelbarrow |
| 18:54 | Research | Tech 906 |
| 18:54 | Research | Tech 906 |
| 19:07 | Create | Villager (Male) |
| 19:12 | Build | House |
| 19:13 | Build | House |
| 19:15 | Build | House |
| 19:16 | Build | House |
| 19:17 | Create | Villager (Male) |
| 19:41 | Create | Villager (Male) |
| 19:42 | Create | Villager (Male) |
| 19:45 | Build | Dock |
| 20:01 | Create | Villager (Male) |
| 20:03 | Create | Villager (Male) |
| 20:22 | Build | Town Center |
| 20:40 | Build | Dock |
| 20:47 | Research | Gillnets |
| 20:53 | Create | Villager (Male) |
| 20:54 | Create | Villager (Male) |
| 20:59 | Create | Villager (Male) |
| 21:26 | Research | War Galley (upgrade) |
| 21:27 | Create | Fire Galley |
| 21:31 | Create | Fire Galley |
| 21:31 | Create | Fire Galley |
| 21:42 | Create | Fishing Ship |
| 21:42 | Create | Fishing Ship |
| 21:42 | Create | Fishing Ship |
| 21:42 | Create | Fishing Ship |
| 21:43 | Create | Fishing Ship |
| 21:43 | Create | Fishing Ship |
| 21:45 | Create | Villager (Male) |
| 21:45 | Create | Villager (Male) |
| 21:59 | Build | Mining Camp |
| 22:01 | Research | Loom |
| 22:02 | Research | Loom |
Build order — RoRo_FleXx
113 actions detected in the replay
| 0:14 | Build | Town Center |
| 0:54 | Build | House |
| 1:47 | Build | Dock |
| 2:26 | Create | Villager (Male) |
| 2:26 | Create | Villager (Male) |
| 2:27 | Create | Villager (Male) |
| 2:27 | Create | Villager (Male) |
| 2:57 | Build | House |
| 3:44 | Build | House |
| 4:21 | Research | Loom |
| 4:48 | Create | Villager (Male) |
| 5:05 | Create | Fishing Ship |
| 5:09 | Create | Villager (Male) |
| 5:09 | Create | Villager (Male) |
| 5:39 | Create | Villager (Male) |
| 5:39 | Create | Villager (Male) |
| 5:42 | Create | Fishing Ship |
| 5:42 | Create | Fishing Ship |
| 6:06 | Create | Villager (Male) |
| 6:16 | Build | House |
| 6:19 | Create | Villager (Male) |
| 6:20 | Create | Villager (Male) |
| 6:45 | Create | Fishing Ship |
| 6:45 | Create | Fishing Ship |
| 6:46 | Create | Villager (Male) |
| 6:55 | Build | House |
| 7:19 | Create | Villager (Male) |
| 7:42 | Create | Villager (Male) |
| 7:48 | Create | Fishing Ship |
| 8:01 | Create | Villager (Male) |
| 8:35 | Create | Villager (Male) |
| 8:42 | Build | House |
| 9:01 | Create | Villager (Male) |
| 9:03 | Build | Mining Camp |
| 9:42 | Research | Feudal Age |
| 9:42 | Research | Feudal Age |
| 10:17 | Build | House |
| 10:21 | Create | Villager (Male) |
| 11:00 | Build | Barracks |
| 11:35 | Build | Lumber Camp |
| 11:52 | Age | Feudal Age |
| 12:00 | Build | Archery Range |
| 12:16 | Research | Double-Bit Axe |
| 12:19 | Create | Villager (Male) |
| 12:46 | Create | Archer |
| 12:50 | Build | House |
| 12:52 | Create | Villager (Male) |
| 12:53 | Create | Villager (Male) |
| 13:11 | Build | Archery Range |
| 13:25 | Create | Villager (Male) |
| 13:41 | Create | Archer |
| 13:57 | Create | Archer |
| 13:58 | Create | Archer |
| 14:25 | Create | Villager (Male) |
| 14:31 | Build | Blacksmith |
| 14:46 | Create | Villager (Male) |
| 14:52 | Create | Villager (Male) |
| 15:05 | Build | Watch Tower |
| 15:19 | Research | Fletching |
| 15:19 | Research | Fletching |
| 15:22 | Create | Archer |
| 15:36 | Create | Villager (Male) |
| 15:46 | Build | Mining Camp |
| 15:47 | Create | Villager (Male) |
| 16:23 | Create | Villager (Male) |
| 16:32 | Create | Archer |
| 16:40 | Build | Mill |
| 17:04 | Create | Villager (Male) |
| 17:07 | Research | Town Watch |
| 17:11 | Build | House |
| 17:12 | Build | House |
| 17:14 | Build | House |
| 17:47 | Create | Villager (Male) |
| 17:50 | Build | Lumber Camp |
| 18:17 | Create | Villager (Male) |
| 18:21 | Create | Villager (Male) |
| 18:22 | Create | Fishing Ship |
| 18:45 | Create | Archer |
| 18:45 | Create | Archer |
| 18:51 | Create | Villager (Male) |
| 19:14 | Create | Villager (Male) |
| 19:29 | Create | Villager (Male) |
| 20:02 | Create | Villager (Male) |
| 20:03 | Create | Archer |
| 20:03 | Create | Archer |
| 20:17 | Create | Villager (Male) |
| 20:25 | Build | Market |
| 20:45 | Create | Villager (Male) |
| 21:22 | Research | Castle Age |
| 21:36 | Build | Watch Tower |
| 21:42 | Build | House |
| 21:49 | Create | Archer |
| 22:00 | Build | House |
| 22:05 | Build | Palisade Wall |
| 22:06 | Build | Palisade Wall |
| 22:27 | Create | Archer |
| 22:27 | Create | Archer |
| 22:35 | Create | Archer |
| 22:35 | Create | Archer |
| 23:03 | Build | House |
| 23:44 | Create | Villager (Male) |
| 24:02 | Age | Castle Age |
| 24:21 | Build | Castle |
| 24:25 | Build | Town Center |
| 24:26 | Create | Villager (Male) |
| 24:38 | Build | Town Center |
| 24:42 | Create | Villager (Male) |
| 25:20 | Research | Gold Mining |
| 25:38 | Create | Villager (Male) |
| 26:27 | Create | Villager (Male) |
| 26:28 | Create | Villager (Male) |
| 27:38 | Research | Imperial Age |
| 28:58 | Research | Bow Saw |
Build order — Wuyen
103 actions detected in the replay
| 0:04 | Build | Town Center |
| 1:04 | Build | Dock |
| 1:37 | Build | Palisade Wall |
| 2:36 | Create | Villager (Male) |
| 2:36 | Create | Villager (Male) |
| 2:37 | Create | Villager (Male) |
| 2:57 | Create | Villager (Male) |
| 2:58 | Create | Villager (Male) |
| 3:21 | Build | House |
| 3:26 | Research | Loom |
| 3:43 | Create | Villager (Male) |
| 3:43 | Create | Villager (Male) |
| 3:43 | Create | Villager (Male) |
| 3:50 | Build | House |
| 4:49 | Create | Villager (Male) |
| 4:49 | Create | Villager (Male) |
| 5:23 | Create | Villager (Male) |
| 5:23 | Create | Villager (Male) |
| 5:32 | Create | Villager (Male) |
| 6:14 | Create | Villager (Male) |
| 6:16 | Create | Villager (Male) |
| 6:20 | Create | Fishing Ship |
| 6:27 | Build | House |
| 6:33 | Build | House |
| 7:05 | Create | Villager (Male) |
| 7:05 | Create | Villager (Male) |
| 7:05 | Create | Villager (Male) |
| 7:12 | Build | Palisade Gate |
| 7:16 | Build | House |
| 7:25 | Create | Villager (Male) |
| 7:29 | Build | Palisade Wall |
| 7:39 | Build | Palisade Wall |
| 7:55 | Create | Fishing Ship |
| 8:38 | Create | Villager (Male) |
| 8:41 | Create | Villager (Male) |
| 8:42 | Create | Fishing Ship |
| 9:13 | Create | Fishing Ship |
| 9:21 | Create | Villager (Male) |
| 9:29 | Create | Villager (Male) |
| 9:38 | Build | House |
| 10:04 | Create | Villager (Male) |
| 10:06 | Create | Fishing Ship |
| 10:11 | Build | House |
| 10:42 | Create | Villager (Male) |
| 10:43 | Create | Villager (Male) |
| 10:57 | Build | Mill |
| 11:23 | Create | Villager (Male) |
| 11:47 | Research | Feudal Age |
| 12:06 | Build | Mining Camp |
| 12:16 | Build | Mining Camp |
| 13:24 | Create | Villager (Male) |
| 13:25 | Create | Villager (Male) |
| 14:08 | Age | Feudal Age |
| 14:15 | Build | Market |
| 14:28 | Build | Blacksmith |
| 14:50 | Build | House |
| 14:56 | Build | Blacksmith |
| 14:58 | Create | Villager (Male) |
| 15:21 | Create | Unit 2626 |
| 15:28 | Research | Castle Age |
| 15:28 | Research | Castle Age |
| 15:31 | Build | Mining Camp |
| 15:46 | Build | House |
| 16:22 | Create | Unit 2626 |
| 16:51 | Build | House |
| 17:09 | Build | Lumber Camp |
| 17:24 | Create | Villager (Male) |
| 17:43 | Build | House |
| 18:08 | Age | Castle Age |
| 18:24 | Build | House |
| 18:27 | Create | Villager (Male) |
| 19:09 | Build | Castle |
| 19:14 | Build | Castle |
| 19:21 | Create | Villager (Male) |
| 19:21 | Create | Villager (Male) |
| 19:21 | Create | Villager (Male) |
| 19:24 | Research | Double-Bit Axe |
| 20:03 | Build | Town Center |
| 20:09 | Create | Conquistador |
| 20:16 | Build | House |
| 20:23 | Create | Villager (Male) |
| 20:25 | Create | Conquistador |
| 21:14 | Build | Monastery |
| 21:16 | Create | Villager (Male) |
| 21:31 | Create | Villager (Male) |
| 21:48 | Create | Villager (Male) |
| 21:53 | Create | Monk |
| 22:07 | Build | Farm |
| 22:16 | Create | Villager (Male) |
| 22:16 | Create | Villager (Male) |
| 22:53 | Build | Monastery |
| 23:27 | Create | Monk |
| 23:35 | Build | Lumber Camp |
| 23:48 | Create | Monk |
| 23:54 | Create | Monk |
| 23:58 | Build | House |
| 24:00 | Build | House |
| 24:02 | Build | House |
| 25:00 | Create | Villager (Male) |
| 25:00 | Create | Villager (Male) |
| 25:38 | Create | Monk |
| 26:20 | Create | Monk |
| 26:38 | Create | Monk |
Build order — TL_Bad Koala
First 150 of 211 actions detected
| 0:22 | Build | Town Center |
| 1:52 | Build | Dock |
| 1:55 | Build | House |
| 2:30 | Build | Dock |
| 2:31 | Build | House |
| 2:44 | Create | Villager (Male) |
| 2:44 | Create | Villager (Male) |
| 2:45 | Create | Villager (Male) |
| 2:46 | Create | Villager (Male) |
| 2:46 | Create | Villager (Male) |
| 4:44 | Create | Villager (Male) |
| 4:44 | Create | Villager (Male) |
| 4:45 | Create | Fishing Ship |
| 4:45 | Create | Fishing Ship |
| 5:03 | Create | Villager (Male) |
| 5:03 | Create | Villager (Male) |
| 5:15 | Build | House |
| 5:24 | Research | Loom |
| 5:27 | Create | Villager (Male) |
| 5:51 | Create | Fishing Ship |
| 5:52 | Create | Fishing Ship |
| 6:19 | Create | Villager (Male) |
| 6:19 | Create | Villager (Male) |
| 6:19 | Create | Villager (Male) |
| 6:22 | Build | House |
| 6:50 | Create | Villager (Male) |
| 6:52 | Create | Fishing Ship |
| 6:52 | Create | Fishing Ship |
| 7:22 | Create | Villager (Male) |
| 7:22 | Create | Villager (Male) |
| 7:30 | Create | Fishing Ship |
| 7:31 | Create | Fishing Ship |
| 7:49 | Build | House |
| 7:50 | Create | Villager (Male) |
| 7:50 | Create | Villager (Male) |
| 7:50 | Create | Villager (Male) |
| 8:27 | Create | Villager (Male) |
| 8:27 | Create | Villager (Male) |
| 8:28 | Create | Villager (Male) |
| 8:30 | Create | Fishing Ship |
| 8:30 | Create | Fishing Ship |
| 8:32 | Build | House |
| 8:35 | Create | Villager (Male) |
| 8:36 | Create | Villager (Male) |
| 8:53 | Build | House |
| 9:02 | Create | Fishing Ship |
| 9:02 | Create | Fishing Ship |
| 9:22 | Create | Villager (Male) |
| 9:24 | Build | House |
| 9:46 | Create | Villager (Male) |
| 10:02 | Build | House |
| 10:07 | Build | Palisade Wall |
| 10:10 | Create | Villager (Male) |
| 10:14 | Create | Fishing Ship |
| 10:14 | Create | Fishing Ship |
| 10:26 | Build | Mining Camp |
| 10:56 | Build | Mining Camp |
| 11:19 | Create | Villager (Male) |
| 11:48 | Research | Feudal Age |
| 11:49 | Research | Feudal Age |
| 12:06 | Build | Mill |
| 12:29 | Build | House |
| 13:43 | Create | Villager (Male) |
| 13:58 | Age | Feudal Age |
| 13:59 | Build | Market |
| 14:00 | Build | Blacksmith |
| 14:32 | Create | Villager (Male) |
| 14:48 | Build | Lumber Camp |
| 14:55 | Research | Castle Age |
| 15:28 | Research | Double-Bit Axe |
| 15:29 | Research | Double-Bit Axe |
| 15:55 | Create | Transport Ship |
| 16:23 | Build | House |
| 17:17 | Create | Villager (Male) |
| 17:37 | Age | Castle Age |
| 17:42 | Build | Castle |
| 17:46 | Research | Bow Saw |
| 17:49 | Build | Dock |
| 17:54 | Build | Palisade Wall |
| 17:55 | Build | Palisade Wall |
| 18:12 | Create | Villager (Male) |
| 18:12 | Create | Villager (Male) |
| 18:38 | Create | Villager (Male) |
| 18:44 | Research | Fletching |
| 19:04 | Create | War Wagon |
| 19:04 | Create | War Wagon |
| 19:09 | Create | Villager (Male) |
| 19:24 | Build | Town Center |
| 19:28 | Create | War Wagon |
| 20:03 | Create | Villager (Male) |
| 20:03 | Create | Villager (Male) |
| 20:03 | Create | Villager (Male) |
| 20:04 | Create | War Wagon |
| 20:06 | Create | Villager (Male) |
| 20:29 | Create | War Wagon |
| 20:29 | Create | War Wagon |
| 20:32 | Create | Villager (Male) |
| 20:33 | Create | Villager (Male) |
| 20:51 | Build | Siege Workshop |
| 20:55 | Research | Bodkin Arrow |
| 20:55 | Research | Bodkin Arrow |
| 21:00 | Create | Villager (Male) |
| 21:09 | Create | Villager (Male) |
| 21:10 | Create | War Wagon |
| 21:11 | Create | War Wagon |
| 21:13 | Create | Villager (Male) |
| 21:36 | Research | Gold Mining |
| 21:41 | Create | Battering Ram |
| 21:50 | Create | War Wagon |
| 21:50 | Create | War Wagon |
| 21:53 | Create | Villager (Male) |
| 21:54 | Create | Villager (Male) |
| 22:04 | Create | War Wagon |
| 22:04 | Create | War Wagon |
| 22:25 | Create | War Wagon |
| 22:25 | Create | War Wagon |
| 22:28 | Create | Villager (Male) |
| 22:46 | Create | War Wagon |
| 22:49 | Create | Battering Ram |
| 22:49 | Create | Battering Ram |
| 22:51 | Create | War Wagon |
| 22:54 | Create | Villager (Male) |
| 22:54 | Create | Villager (Male) |
| 23:03 | Create | Villager (Male) |
| 23:05 | Create | Battering Ram |
| 23:05 | Create | Battering Ram |
| 23:15 | Create | War Wagon |
| 23:26 | Create | Villager (Male) |
| 23:26 | Create | Villager (Male) |
| 23:42 | Create | War Wagon |
| 23:45 | Create | Battering Ram |
| 23:46 | Create | War Wagon |
| 23:47 | Create | Villager (Male) |
| 24:03 | Create | Villager (Male) |
| 24:03 | Create | Villager (Male) |
| 24:03 | Create | Villager (Male) |
| 24:05 | Build | House |
| 24:05 | Build | House |
| 24:26 | Create | War Wagon |
| 24:28 | Create | Villager (Male) |
| 24:28 | Create | Villager (Male) |
| 24:37 | Research | Horse Collar |
| 24:39 | Build | Farm |
| 24:39 | Build | Farm |
| 24:40 | Build | Farm |
| 24:40 | Build | Farm |
| 24:40 | Build | Farm |
| 24:40 | Build | Farm |
| 24:40 | Build | Farm |
| 24:41 | Build | Farm |
Build order — El Sobol
139 actions detected in the replay
| 0:42 | Build | Town Center |
| 1:41 | Build | Dock |
| 2:25 | Build | Palisade Wall |
| 2:57 | Create | Villager (Male) |
| 2:57 | Create | Villager (Male) |
| 2:58 | Create | Villager (Male) |
| 2:58 | Create | Villager (Male) |
| 3:07 | Build | House |
| 3:12 | Build | House |
| 3:13 | Build | House |
| 3:48 | Research | Loom |
| 4:23 | Create | Villager (Male) |
| 4:32 | Research | Loom |
| 4:59 | Create | Fishing Ship |
| 5:36 | Create | Fishing Ship |
| 5:46 | Create | Villager (Male) |
| 6:18 | Create | Villager (Male) |
| 6:26 | Create | Fishing Ship |
| 6:29 | Build | House |
| 6:45 | Create | Villager (Male) |
| 7:20 | Create | Fishing Ship |
| 7:20 | Create | Villager (Male) |
| 7:49 | Create | Villager (Male) |
| 7:51 | Create | Fishing Ship |
| 8:03 | Build | House |
| 8:05 | Create | Villager (Male) |
| 8:35 | Create | Villager (Male) |
| 8:37 | Build | House |
| 8:54 | Create | Villager (Male) |
| 8:56 | Create | Fishing Ship |
| 9:12 | Build | House |
| 9:19 | Create | Villager (Male) |
| 9:39 | Create | Villager (Male) |
| 9:41 | Create | Fishing Ship |
| 9:56 | Create | Villager (Male) |
| 10:26 | Create | Villager (Male) |
| 10:46 | Create | Villager (Male) |
| 10:53 | Build | Mining Camp |
| 11:00 | Build | Outpost |
| 11:21 | Create | Fishing Ship |
| 11:42 | Research | Feudal Age |
| 12:04 | Build | Outpost |
| 12:16 | Build | Mill |
| 12:45 | Create | Villager (Male) |
| 12:45 | Create | Villager (Male) |
| 12:52 | Build | Outpost |
| 12:57 | Build | Outpost |
| 13:48 | Build | Outpost |
| 13:52 | Age | Feudal Age |
| 13:53 | Build | Outpost |
| 14:00 | Create | Villager (Male) |
| 14:03 | Build | Market |
| 14:48 | Build | Outpost |
| 14:59 | Build | Blacksmith |
| 15:03 | Create | Villager (Male) |
| 15:12 | Build | Palisade Wall |
| 15:13 | Build | Palisade Wall |
| 15:17 | Build | Palisade Wall |
| 15:25 | Create | Villager (Male) |
| 15:48 | Build | Palisade Wall |
| 15:59 | Research | Castle Age |
| 16:09 | Build | Mining Camp |
| 16:14 | Build | Lumber Camp |
| 16:28 | Build | Outpost |
| 16:43 | Research | Double-Bit Axe |
| 16:53 | Build | Outpost |
| 18:32 | Create | Villager (Male) |
| 18:39 | Age | Castle Age |
| 18:47 | Create | Villager (Male) |
| 18:49 | Build | Outpost |
| 19:06 | Research | Stone Mining |
| 19:07 | Research | Bow Saw |
| 19:13 | Build | Town Center |
| 19:47 | Build | Outpost |
| 19:48 | Create | Villager (Male) |
| 19:49 | Create | Villager (Male) |
| 21:05 | Create | Villager (Male) |
| 21:25 | Build | Castle |
| 21:26 | Create | Villager (Male) |
| 21:27 | Create | Villager (Male) |
| 21:34 | Build | Farm |
| 21:38 | Create | Villager (Male) |
| 21:38 | Create | Villager (Male) |
| 21:39 | Create | Villager (Male) |
| 22:16 | Build | Monastery |
| 22:18 | Build | Monastery |
| 22:20 | Build | Mining Camp |
| 22:21 | Create | Villager (Male) |
| 22:23 | Create | Villager (Male) |
| 22:42 | Create | Villager (Male) |
| 22:44 | Build | House |
| 22:45 | Build | House |
| 22:47 | Create | Monk |
| 23:12 | Create | Villager (Male) |
| 23:17 | Create | Villager (Male) |
| 23:25 | Create | Monk |
| 23:30 | Create | Villager (Male) |
| 23:31 | Create | Villager (Male) |
| 23:47 | Create | Villager (Male) |
| 23:52 | Build | House |
| 23:52 | Build | House |
| 24:23 | Research | Redemption |
| 24:38 | Build | Castle |
| 24:44 | Create | Villager (Male) |
| 24:45 | Create | Villager (Male) |
| 24:46 | Create | Villager (Male) |
| 24:47 | Create | Villager (Male) |
| 24:52 | Build | House |
| 24:54 | Build | House |
| 25:20 | Create | Monk |
| 26:10 | Build | Palisade Wall |
| 26:11 | Build | Palisade Wall |
| 26:27 | Create | Monk |
| 26:33 | Build | Mining Camp |
| 26:35 | Create | Villager (Male) |
| 26:35 | Create | Villager (Male) |
| 26:36 | Create | Villager (Male) |
| 26:37 | Create | Villager (Male) |
| 26:38 | Create | Villager (Male) |
| 26:38 | Create | Villager (Male) |
| 26:45 | Create | Monk |
| 26:52 | Build | Siege Workshop |
| 26:59 | Create | Villager (Male) |
| 27:04 | Create | Villager (Male) |
| 27:04 | Create | Villager (Male) |
| 27:15 | Create | Mangonel |
| 27:35 | Create | Monk |
| 27:50 | Research | Horse Collar |
| 27:50 | Create | Villager (Male) |
| 27:51 | Create | Villager (Male) |
| 27:57 | Create | Monk |
| 27:58 | Create | Villager (Male) |
| 28:00 | Research | Gold Mining |
| 28:16 | Create | Villager (Male) |
| 28:16 | Create | Villager (Male) |
| 28:17 | Create | Villager (Male) |
| 28:18 | Create | Villager (Male) |
| 28:45 | Create | Villager (Male) |
| 28:45 | Create | Villager (Male) |
Build order — qingchen3457
First 150 of 250 actions detected
| 0:05 | Build | Town Center |
| 0:35 | Build | Dock |
| 0:37 | Build | House |
| 2:15 | Build | Palisade Wall |
| 2:22 | Create | Villager (Male) |
| 2:22 | Create | Villager (Male) |
| 2:22 | Create | Villager (Male) |
| 2:23 | Create | Villager (Male) |
| 2:24 | Create | Villager (Male) |
| 2:35 | Research | Loom |
| 2:39 | Create | Fishing Ship |
| 2:39 | Create | Fishing Ship |
| 3:44 | Create | Fishing Ship |
| 4:03 | Build | House |
| 4:14 | Create | Villager (Male) |
| 5:00 | Create | Villager (Male) |
| 5:05 | Create | Fishing Ship |
| 5:06 | Create | Fishing Ship |
| 5:18 | Create | Villager (Male) |
| 5:23 | Build | House |
| 5:57 | Create | Villager (Male) |
| 5:57 | Create | Villager (Male) |
| 5:59 | Create | Fishing Ship |
| 6:00 | Create | Fishing Ship |
| 6:08 | Build | House |
| 6:13 | Create | Villager (Male) |
| 6:32 | Create | Villager (Male) |
| 6:32 | Create | Villager (Male) |
| 6:47 | Create | Fishing Ship |
| 6:48 | Create | Fishing Ship |
| 6:52 | Create | Villager (Male) |
| 6:52 | Create | Villager (Male) |
| 7:11 | Create | Villager (Male) |
| 7:11 | Create | Villager (Male) |
| 7:30 | Create | Fishing Ship |
| 7:31 | Create | Fishing Ship |
| 7:43 | Create | Villager (Male) |
| 7:44 | Create | Villager (Male) |
| 7:53 | Build | Lumber Camp |
| 8:01 | Create | Villager (Male) |
| 8:21 | Create | Fishing Ship |
| 8:21 | Create | Fishing Ship |
| 8:25 | Create | Villager (Male) |
| 8:40 | Build | House |
| 8:54 | Build | Dock |
| 9:22 | Create | Villager (Male) |
| 9:24 | Create | Fishing Ship |
| 9:31 | Build | House |
| 9:36 | Build | House |
| 9:42 | Create | Villager (Male) |
| 9:55 | Create | Fishing Ship |
| 10:02 | Build | Palisade Wall |
| 10:10 | Create | Villager (Male) |
| 10:26 | Create | Villager (Male) |
| 10:28 | Create | Fishing Ship |
| 10:55 | Create | Fishing Ship |
| 10:55 | Create | Fishing Ship |
| 10:55 | Create | Fishing Ship |
| 11:12 | Research | Feudal Age |
| 11:12 | Research | Feudal Age |
| 11:26 | Create | Fishing Ship |
| 11:48 | Build | Mining Camp |
| 12:00 | Create | Villager (Male) |
| 12:01 | Create | Villager (Male) |
| 12:12 | Build | Dock |
| 13:16 | Age | Feudal Age |
| 13:18 | Create | Unit 2626 ×3 |
| 13:18 | Create | Unit 2626 ×3 |
| 13:21 | Research | Double-Bit Axe |
| 13:21 | Research | Double-Bit Axe |
| 13:32 | Create | Villager (Male) |
| 13:36 | Create | Unit 2626 |
| 13:36 | Create | Unit 2626 |
| 13:46 | Build | House |
| 13:49 | Build | House |
| 13:55 | Create | Villager (Male) |
| 14:07 | Create | Trade Cog |
| 14:14 | Create | Trade Cog |
| 14:15 | Create | Trade Cog |
| 14:19 | Create | Trade Cog |
| 14:21 | Create | Unit 2626 ×2 |
| 14:21 | Create | Unit 2626 ×2 |
| 14:22 | Create | Villager (Male) |
| 14:56 | Create | Unit 2626 |
| 14:56 | Create | Unit 2626 |
| 15:04 | Build | Mill |
| 15:08 | Build | House |
| 15:10 | Research | Loom |
| 15:26 | Create | Villager (Male) |
| 16:01 | Create | Villager (Male) |
| 16:23 | Create | Unit 2626 ×5 |
| 16:24 | Create | Unit 2626 ×5 |
| 16:25 | Create | Villager (Male) |
| 16:46 | Create | Villager (Male) |
| 16:56 | Create | Villager (Male) |
| 17:04 | Build | House |
| 17:05 | Build | House |
| 17:25 | Create | Villager (Male) |
| 17:33 | Build | Outpost |
| 17:36 | Research | Town Watch |
| 17:39 | Build | House |
| 17:39 | Build | House |
| 17:39 | Build | House |
| 17:40 | Build | House |
| 17:55 | Create | Villager (Male) |
| 18:06 | Build | Palisade Gate |
| 18:08 | Build | Palisade Gate |
| 18:26 | Create | Villager (Male) |
| 18:26 | Create | Villager (Male) |
| 18:40 | Build | Dock |
| 18:47 | Build | Market |
| 18:48 | Build | Blacksmith |
| 18:56 | Build | Palisade Wall |
| 19:01 | Build | House |
| 19:02 | Build | House |
| 19:03 | Build | House |
| 19:04 | Build | House |
| 19:06 | Build | House |
| 19:07 | Build | Palisade Wall |
| 19:13 | Create | Villager (Male) |
| 19:24 | Research | Tech 906 |
| 19:24 | Research | Tech 906 |
| 19:25 | Create | Villager (Male) |
| 19:34 | Create | Villager (Male) |
| 19:39 | Create | Fishing Ship ×5 |
| 19:45 | Create | Fishing Ship |
| 19:45 | Create | Fishing Ship |
| 19:50 | Create | Fishing Ship |
| 19:50 | Create | Fishing Ship |
| 19:50 | Create | Fishing Ship |
| 19:51 | Create | Fishing Ship |
| 19:53 | Create | Villager (Male) |
| 19:53 | Create | Villager (Male) |
| 19:55 | Build | House |
| 20:04 | Build | Palisade Wall |
| 20:16 | Create | Fishing Ship |
| 20:18 | Create | Fishing Ship |
| 20:24 | Create | Fishing Ship |
| 20:24 | Create | Fishing Ship |
| 20:25 | Create | Villager (Male) |
| 20:32 | Build | House |
| 20:34 | Build | House |
| 20:34 | Build | House |
| 20:42 | Create | Fishing Ship |
| 20:48 | Build | Dock |
| 21:02 | Build | Lumber Camp |
| 21:20 | Build | Stone Wall |
| 21:21 | Create | Villager (Male) |
| 21:23 | Build | Stone Wall |
| 21:23 | Create | Villager (Male) |
Build order — Tointoin
First 150 of 169 actions detected
| 0:17 | Build | Town Center |
| 1:38 | Build | House |
| 2:22 | Create | Villager (Male) |
| 2:23 | Create | Villager (Male) |
| 2:23 | Create | Villager (Male) |
| 2:45 | Create | Villager (Male) |
| 2:45 | Create | Villager (Male) |
| 3:26 | Research | Loom |
| 3:26 | Research | Loom |
| 3:50 | Build | House |
| 4:28 | Create | Villager (Male) |
| 4:29 | Create | Villager (Male) |
| 4:43 | Create | Villager (Male) |
| 4:44 | Create | Villager (Male) |
| 4:44 | Create | Villager (Male) |
| 5:31 | Create | Villager (Male) |
| 5:42 | Build | House |
| 5:49 | Create | Villager (Male) |
| 5:49 | Create | Villager (Male) |
| 6:52 | Create | Villager (Male) |
| 6:56 | Build | Mill |
| 7:05 | Build | Lumber Camp |
| 7:21 | Create | Villager (Male) |
| 7:21 | Create | Villager (Male) |
| 8:03 | Create | Villager (Male) |
| 8:42 | Create | Villager (Male) |
| 9:03 | Research | Feudal Age |
| 10:14 | Build | Barracks |
| 10:41 | Create | Villager (Male) |
| 11:17 | Age | Feudal Age |
| 11:18 | Build | Stable |
| 11:49 | Create | Villager (Male) |
| 11:50 | Create | Villager (Male) |
| 11:52 | Build | House |
| 11:57 | Research | Wheelbarrow |
| 12:03 | Research | Double-Bit Axe |
| 12:16 | Create | Scout Cavalry |
| 12:16 | Create | Scout Cavalry |
| 12:23 | Build | House |
| 12:24 | Build | House |
| 12:29 | Create | Villager (Male) |
| 12:29 | Create | Villager (Male) |
| 12:40 | Create | Villager (Male) |
| 12:59 | Create | Scout Cavalry |
| 13:03 | Research | Horse Collar |
| 13:03 | Research | Horse Collar |
| 13:07 | Build | Farm |
| 13:10 | Build | Farm |
| 13:28 | Build | Farm |
| 13:38 | Create | Scout Cavalry |
| 13:39 | Create | Villager (Male) |
| 13:39 | Create | Villager (Male) |
| 13:42 | Build | Farm |
| 13:42 | Build | Farm |
| 13:42 | Build | Farm |
| 13:54 | Build | House |
| 13:57 | Build | Palisade Gate |
| 14:20 | Build | House |
| 14:20 | Create | Villager (Male) |
| 14:36 | Build | Farm |
| 14:38 | Build | Palisade Wall |
| 14:40 | Create | Villager (Male) |
| 15:05 | Build | Farm |
| 15:15 | Create | Villager (Male) |
| 15:18 | Build | Mining Camp |
| 15:21 | Create | Villager (Male) |
| 15:36 | Create | Villager (Male) |
| 15:58 | Build | Blacksmith |
| 16:28 | Create | Villager (Male) |
| 16:34 | Build | House |
| 16:35 | Build | House |
| 16:58 | Create | Villager (Male) |
| 17:01 | Build | Farm |
| 17:02 | Build | Farm |
| 17:26 | Create | Villager (Male) |
| 17:34 | Build | Farm |
| 17:35 | Create | Villager (Male) |
| 18:13 | Build | Farm |
| 18:18 | Research | Forging |
| 18:19 | Create | Villager (Male) |
| 18:19 | Create | Villager (Male) |
| 18:43 | Build | Farm |
| 18:45 | Build | Farm |
| 19:06 | Create | Villager (Male) |
| 19:38 | Research | Castle Age |
| 19:38 | Research | Castle Age |
| 21:49 | Create | Villager (Male) |
| 22:18 | Age | Castle Age |
| 22:25 | Create | Villager (Male) |
| 22:28 | Build | Town Center |
| 22:31 | Build | Town Center |
| 22:32 | Research | Bow Saw |
| 23:10 | Create | Villager (Male) |
| 23:20 | Create | Villager (Male) |
| 23:21 | Create | Villager (Male) |
| 23:22 | Research | Heavy Plow |
| 23:29 | Build | Mining Camp |
| 23:33 | Build | Market |
| 23:47 | Create | Villager (Male) |
| 24:08 | Build | Town Center |
| 24:11 | Research | Gold Mining |
| 24:20 | Create | Villager (Male) |
| 24:21 | Create | Villager (Male) |
| 24:22 | Create | Villager (Male) |
| 24:22 | Create | Villager (Male) |
| 24:28 | Build | Lumber Camp |
| 24:32 | Build | Mining Camp |
| 24:38 | Create | Villager (Male) |
| 24:59 | Create | Villager (Male) |
| 24:59 | Create | Villager (Male) |
| 25:07 | Build | Farm |
| 25:07 | Build | Farm |
| 25:07 | Build | Farm |
| 25:15 | Create | Villager (Male) |
| 25:16 | Create | Villager (Male) |
| 25:18 | Create | Villager (Male) |
| 25:18 | Create | Villager (Male) |
| 25:30 | Build | Farm |
| 25:31 | Create | Villager (Male) |
| 25:31 | Create | Villager (Male) |
| 25:33 | Build | Farm |
| 25:47 | Create | Villager (Male) |
| 25:47 | Create | Villager (Male) |
| 25:53 | Create | Villager (Male) |
| 25:53 | Create | Villager (Male) |
| 25:59 | Create | Villager (Male) |
| 25:59 | Create | Villager (Male) |
| 26:02 | Research | Hand Cart |
| 26:10 | Build | Farm |
| 26:11 | Build | Farm |
| 26:14 | Create | Villager (Male) |
| 26:15 | Create | Villager (Male) |
| 26:21 | Build | Farm |
| 26:23 | Build | Farm |
| 26:32 | Create | Villager (Male) |
| 26:32 | Create | Villager (Male) |
| 26:33 | Create | Villager (Male) |
| 26:36 | Build | House |
| 26:36 | Build | House |
| 26:36 | Build | House |
| 26:37 | Build | House |
| 26:37 | Build | House |
| 26:38 | Build | House |
| 26:39 | Build | House |
| 26:41 | Create | Villager (Male) |
| 26:41 | Create | Villager (Male) |
| 26:58 | Build | Stable |
| 27:00 | Create | Villager (Male) |
| 27:00 | Create | Villager (Male) |
| 27:12 | Create | Villager (Male) |
Build order — 智力老猪
First 150 of 155 actions detected
| 0:20 | Build | Town Center |
| 0:24 | Build | Dock |
| 2:53 | Create | Villager (Male) |
| 2:53 | Create | Villager (Male) |
| 2:53 | Create | Villager (Male) |
| 2:53 | Create | Villager (Male) |
| 2:54 | Create | Villager (Male) |
| 3:14 | Create | Villager (Male) |
| 3:49 | Build | House |
| 3:52 | Research | Loom |
| 4:16 | Create | Villager (Male) |
| 4:16 | Create | Villager (Male) |
| 4:18 | Create | Villager (Male) |
| 4:18 | Create | Villager (Male) |
| 4:46 | Create | Villager (Male) |
| 4:46 | Create | Villager (Male) |
| 5:12 | Create | Fishing Ship |
| 5:18 | Build | House |
| 5:44 | Create | Villager (Male) |
| 5:45 | Create | Villager (Male) |
| 6:14 | Create | Fishing Ship |
| 6:21 | Create | Villager (Male) |
| 6:42 | Create | Villager (Male) |
| 6:42 | Create | Villager (Male) |
| 6:48 | Build | House |
| 7:11 | Create | Villager (Male) |
| 7:12 | Create | Villager (Male) |
| 7:19 | Create | Fishing Ship |
| 7:28 | Create | Villager (Male) |
| 7:32 | Build | House |
| 7:52 | Create | Villager (Male) |
| 7:52 | Create | Villager (Male) |
| 8:01 | Create | Fishing Ship |
| 8:13 | Create | Villager (Male) |
| 8:20 | Build | House |
| 8:38 | Create | Villager (Male) |
| 8:38 | Create | Villager (Male) |
| 8:43 | Create | Fishing Ship |
| 8:48 | Create | Villager (Male) |
| 8:49 | Create | Villager (Male) |
| 8:55 | Create | Villager (Male) |
| 9:19 | Create | Villager (Male) |
| 9:25 | Build | House |
| 9:50 | Build | Mill |
| 10:16 | Create | Fishing Ship |
| 10:21 | Create | Villager (Male) |
| 10:58 | Build | Mining Camp |
| 11:16 | Research | Feudal Age |
| 11:16 | Research | Feudal Age |
| 12:03 | Create | Villager (Male) |
| 12:04 | Create | Villager (Male) |
| 13:26 | Age | Feudal Age |
| 13:28 | Build | Market |
| 13:31 | Build | Blacksmith |
| 13:36 | Build | Palisade Wall |
| 14:06 | Build | Lumber Camp |
| 14:27 | Build | House |
| 14:30 | Build | House |
| 14:32 | Build | Palisade Wall |
| 14:50 | Research | Castle Age |
| 14:50 | Research | Castle Age |
| 14:59 | Build | House |
| 15:08 | Build | Stone Wall |
| 15:31 | Build | House |
| 15:40 | Research | Double-Bit Axe |
| 15:58 | Build | House |
| 16:09 | Build | Palisade Gate |
| 16:14 | Create | Villager (Male) |
| 16:28 | Build | House |
| 16:29 | Build | Palisade Wall |
| 17:06 | Build | Watch Tower |
| 17:27 | Create | Villager (Male) |
| 17:30 | Age | Castle Age |
| 17:34 | Create | Villager (Male) |
| 17:34 | Create | Villager (Male) |
| 17:55 | Build | Watch Tower |
| 18:19 | Build | Stone Wall |
| 18:24 | Create | Villager (Male) |
| 19:01 | Build | Stone Wall |
| 19:04 | Build | Stone Wall |
| 19:09 | Create | Villager (Male) |
| 19:09 | Create | Villager (Male) |
| 19:19 | Create | Villager (Male) |
| 19:31 | Create | Villager (Male) |
| 19:31 | Create | Villager (Male) |
| 19:31 | Create | Villager (Male) |
| 19:37 | Build | Stone Wall |
| 20:00 | Create | Villager (Male) |
| 20:17 | Build | Castle |
| 20:20 | Create | Villager (Male) |
| 20:20 | Create | Villager (Male) |
| 21:13 | Create | Organ Gun |
| 21:13 | Create | Organ Gun |
| 21:28 | Create | Villager (Male) |
| 22:06 | Create | Organ Gun |
| 22:12 | Create | Organ Gun |
| 22:12 | Create | Organ Gun |
| 22:15 | Create | Villager (Male) |
| 22:15 | Create | Villager (Male) |
| 22:36 | Build | Stone Wall |
| 22:38 | Create | Villager (Male) |
| 22:40 | Create | Organ Gun |
| 22:40 | Create | Organ Gun |
| 22:52 | Build | Palisade Wall |
| 22:53 | Build | Palisade Wall |
| 22:55 | Build | Palisade Wall |
| 22:56 | Create | Villager (Male) |
| 22:59 | Create | Villager (Male) |
| 23:06 | Build | Palisade Wall |
| 23:07 | Build | Palisade Wall |
| 23:24 | Create | Organ Gun |
| 23:28 | Build | Mining Camp |
| 23:29 | Create | Villager (Male) |
| 23:59 | Build | House |
| 24:19 | Build | Monastery |
| 24:34 | Create | Villager (Male) |
| 24:34 | Create | Villager (Male) |
| 24:51 | Create | Villager (Male) |
| 24:51 | Create | Villager (Male) |
| 25:16 | Create | Organ Gun |
| 25:16 | Create | Organ Gun |
| 25:27 | Create | Monk |
| 25:44 | Create | Organ Gun |
| 25:45 | Create | Organ Gun |
| 26:00 | Create | Organ Gun |
| 26:00 | Create | Organ Gun |
| 26:17 | Build | Farm |
| 26:17 | Build | Farm |
| 26:18 | Build | Farm |
| 26:18 | Build | Farm |
| 26:21 | Create | Organ Gun |
| 26:21 | Create | Organ Gun |
| 26:33 | Create | Organ Gun |
| 26:34 | Create | Organ Gun |
| 26:50 | Create | Organ Gun |
| 27:08 | Build | Siege Workshop |
| 27:19 | Create | Villager (Male) |
| 27:19 | Create | Villager (Male) |
| 27:35 | Create | Organ Gun |
| 27:35 | Create | Organ Gun |
| 27:50 | Create | Villager (Male) |
| 27:50 | Create | Villager (Male) |
| 27:51 | Create | Organ Gun |
| 27:52 | Create | Villager (Male) |
| 27:52 | Create | Villager (Male) |
| 28:00 | Create | Organ Gun |
| 28:00 | Create | Organ Gun |
| 28:14 | Build | Lumber Camp |
| 28:27 | Create | Villager (Male) |
| 28:52 | Create | Organ Gun |
Match timeline
| 0:24 | 智力老猪 · first_building Dock |
| 0:35 | qingchen3457 · first_building Dock |
| 1:04 | Wuyen · first_building Dock |
| 1:18 | 奶糖美少女 · first_building Dock |
| 1:37 | Wuyen · wall_segment Palisade Wall x1 |
| 1:41 | El Sobol · first_building Dock |
| 1:47 | RoRo_FleXx · first_building Dock |
| 1:52 | TL_Bad Koala · first_building Dock |
| 2:15 | qingchen3457 · wall_segment Palisade Wall x1 |
| 2:25 | El Sobol · wall_segment Palisade Wall x1 |
| 3:31 | 奶糖美少女 · wall_segment Palisade Wall x1 |
| 3:42 | 奶糖美少女 · wall_segment Palisade Wall x1 |
| 3:46 | 奶糖美少女 · wall_segment Palisade Wall x1 |
| 6:19 | 奶糖美少女 · wall_segment Palisade Wall x1 |
| 6:30 | 奶糖美少女 · wall_segment Palisade Wall x1 |
| 6:43 | 奶糖美少女 · wall_segment Palisade Wall x1 |
| 7:29 | Wuyen · wall_segment Palisade Wall x7 |
| 7:39 | Wuyen · wall_segment Palisade Wall x15 |
| 9:43 | 奶糖美少女 · wall_segment Palisade Wall x1 |
| 9:50 | 奶糖美少女 · wall_segment Palisade Wall x1 |
| 9:53 | 奶糖美少女 · wall_segment Palisade Wall x1 |
| 10:02 | 奶糖美少女 · wall_segment Palisade Wall x2 |
| 10:02 | qingchen3457 · wall_segment Palisade Wall x1 |
| 10:07 | TL_Bad Koala · wall_segment Palisade Wall x4 |
| 10:14 | Tointoin · first_building Barracks |
| 11:00 | RoRo_FleXx · first_building Barracks |
| 11:17 | Tointoin · age_up feudal |
| 11:18 | Tointoin · first_building Stable |
| 11:52 | RoRo_FleXx · age_up feudal |
| 12:00 | RoRo_FleXx · first_building Archery Range |
| 13:16 | qingchen3457 · age_up feudal |
| 13:26 | 智力老猪 · age_up feudal |
| 13:36 | 智力老猪 · wall_segment Palisade Wall x1 |
| 13:52 | El Sobol · age_up feudal |
| 13:57 | 奶糖美少女 · age_up feudal |
| 13:58 | TL_Bad Koala · age_up feudal |
| 14:08 | Wuyen · age_up feudal |
| 14:32 | 智力老猪 · wall_segment Palisade Wall x2 |
| 14:37 | 智力老猪 · first_market_sell 100 stone |
| 14:38 | Tointoin · wall_segment Palisade Wall x7 |
| 15:08 | 智力老猪 · wall_segment Stone Wall x1 |
| 15:12 | El Sobol · wall_segment Palisade Wall x1 |
| 15:13 | El Sobol · wall_segment Palisade Wall x1 |
| 15:17 | El Sobol · wall_segment Palisade Wall x1 |
| 15:48 | El Sobol · wall_segment Palisade Wall x1 |
| 16:29 | 智力老猪 · wall_segment Palisade Wall x1 |
| 17:30 | 奶糖美少女 · age_up castle |
| 17:30 | 智力老猪 · age_up castle |
| 17:37 | TL_Bad Koala · age_up castle |
| 17:42 | TL_Bad Koala · first_building Castle |
| 17:54 | TL_Bad Koala · wall_segment Palisade Wall x1 |
| 17:55 | TL_Bad Koala · wall_segment Palisade Wall x1 |
| 18:08 | Wuyen · age_up castle |
| 18:19 | 智力老猪 · wall_segment Stone Wall x5 |
| 18:39 | El Sobol · age_up castle |
| 18:56 | qingchen3457 · wall_segment Palisade Wall x1 |
| 19:00 | Wuyen · first_market_buy 100 stone |
| 19:01 | 智力老猪 · wall_segment Stone Wall x1 |
| 19:04 | 智力老猪 · wall_segment Stone Wall x1 |
| 19:07 | qingchen3457 · wall_segment Palisade Wall x1 |
| 19:09 | Wuyen · first_building Castle |
| 19:29 | 智力老猪 · first_market_buy 100 stone |
| 19:37 | 智力老猪 · wall_segment Stone Wall x1 |
| 20:04 | qingchen3457 · wall_segment Palisade Wall x1 |
| 20:16 | 奶糖美少女 · first_market_buy 100 wood |
| 20:17 | 智力老猪 · first_building Castle |
| 20:51 | TL_Bad Koala · first_building Siege Workshop |
| 21:14 | Wuyen · first_building Monastery |
| 21:16 | RoRo_FleXx · first_market_sell 100 wood |
| 21:18 | RoRo_FleXx · first_market_buy 100 food |
| 21:20 | qingchen3457 · wall_segment Stone Wall x1 |
| 21:23 | qingchen3457 · wall_segment Stone Wall x1 |
| 21:25 | El Sobol · first_building Castle |
| 21:27 | qingchen3457 · wall_segment Stone Wall x1 |
| 21:40 | TL_Bad Koala · first_market_sell 100 stone |
| 22:05 | RoRo_FleXx · wall_segment Palisade Wall x1 |
| 22:06 | RoRo_FleXx · wall_segment Palisade Wall x1 |
| 22:16 | El Sobol · first_building Monastery |
| 22:18 | Tointoin · age_up castle |
| 22:36 | 智力老猪 · wall_segment Stone Wall x1 |
| 22:50 | 奶糖美少女 · first_building Monastery |
| 22:52 | 智力老猪 · wall_segment Palisade Wall x1 |
| 22:53 | 智力老猪 · wall_segment Palisade Wall x1 |
| 22:55 | 智力老猪 · wall_segment Palisade Wall x1 |
| 23:06 | 智力老猪 · wall_segment Palisade Wall x1 |
| 23:07 | 智力老猪 · wall_segment Palisade Wall x1 |
| 23:21 | El Sobol · first_market_sell 100 food |
| 23:58 | qingchen3457 · age_up castle |
| 24:01 | qingchen3457 · first_market_buy 100 stone |
| 24:02 | RoRo_FleXx · age_up castle |
| 24:04 | Tointoin · first_market_buy 100 stone |
| 24:19 | 智力老猪 · first_building Monastery |
| 24:21 | RoRo_FleXx · first_building Castle |
| 25:00 | 奶糖美少女 · first_market_sell 100 wood |
| 25:15 | 奶糖美少女 · first_building Castle |
| 25:20 | 奶糖美少女 · wall_segment Stone Wall x11 |
| 26:10 | El Sobol · wall_segment Palisade Wall x1 |
| 26:11 | El Sobol · wall_segment Palisade Wall x1 |
| 26:52 | El Sobol · first_building Siege Workshop |
| 27:08 | 智力老猪 · first_building Siege Workshop |
| 27:44 | Tointoin · first_building Monastery |
| 27:49 | qingchen3457 · first_building Monastery |
| 28:07 | Wuyen · resign |
| 28:55 | qingchen3457 · first_building Castle |
[ AI ANALYSIS · 1 CREDIT ]
What really happened in this match?
Wolo.gg analyzes every decision: build order, eco, micro, common mistakes by bracket. Personalized analysis on WhatsApp or Discord in 30 seconds.
Civ guide
Wei
Perfil
Jugador #22250489